 Dungeon Crawl Stone Soup version 0.13-a0-2156-ga9a2eb8 (webtiles) character file.

44079 JacquesDerrida the Crack Shot (level 13, -11/91 HPs)
             Began as a Centaur Hunter on June 30, 2013.
             Was a High Priest of Okawaru.
             Shot with a poisoned arrow by a deep elf knight (28 damage)
             ... on Level 2 of the Elven Halls.
             The game lasted 02:48:40 (28674 turns).

JacquesDerrida the Crack Shot (Centaur Hunter)     Turns: 28674, Time: 02:48:41

HP -11/91        AC 15     Str 19      XL: 13   Next: 67%
MP  23/32        EV 11     Int 13      God: Okawaru [*****.]
Gold 2368        SH  0     Dex 13      Spells:  7 memorised, 23 levels left

Res.Fire  : + . .   See Invis. : .   b - +2,+1 longbow (flame)
Res.Cold  : . . .   Warding    : .   n - +1 orc robe {rF+}
Life Prot.: . . .   Conserve   : .   (no shield)
Res.Poison: +       Res.Corr.  : +   P - +2 elf wizard hat
Res.Elec. : .       Clarity    : .   m - +0 cloak {rPois}
Sust.Abil.: . .     Spirit.Shd : .   i - +1 pair of gloves
Res.Mut.  : .       Stasis     : .   z - +0 centaur barding {Stlth+}
Res.Rott. : .       Flight     : .   s - amulet of resist corrosion
Saprovore : . . .                    k - +5 ring of strength
                                     e - ring of protection from magic

@: repel missiles, heroism, finesse, very quick, quite resistant to hostile
enchantments, quite stealthy
A: hooves 3, deformed body, herbivore 1, speed 2, fast metabolism 1, tough skin
3
a: Heroism, Finesse, Renounce Religion


You were on level 2 of the Elven Halls.
You worshipped Okawaru.
Okawaru was exalted by your worship.
You were not hungry.

You visited 5 branches of the dungeon, and saw 25 of its levels.
You also visited: Labyrinth.

You collected 2565 gold pieces.
You spent 217 gold pieces at shops.

Inventory:

Hand weapons
 a - a +1,+2 orcish spear of venom
 b - a +2,+1 longbow of flame (weapon)
 g - a +1,+1 bow
 q - a +2,+1 bow of flame
 H - a +3,+0 longbow of frost
Missiles
 c - 28 arrows (quivered)
 E - 18 arrows of dispersal
 F - 30 arrows of frost
 U - 36 arrows of flame
Armour
 i - a +1 pair of gloves (worn)
 m - a +0 cloak of poison resistance (worn)
 n - a +1 orcish robe of fire resistance (worn)
 r - the +2 leather armour of Ladders and Snakes {Stlth++}
   (You bought it in a shop on level 4 of the Orcish Mines)

   It makes you much more stealthy.
 v - a +0 cloak
 z - a +0 centaur barding of stealth (worn)
 P - a +2 elven wizard hat (worn)
Magical devices
 d - a wand of cold (5)
 h - a wand of teleportation (3) {unknown}
 x - a wand of digging (8) {unknown}
 D - a wand of cold (8)
 G - a wand of paralysis (14)
 I - a wand of lightning (6)
 K - a wand of fire (7)
Comestibles
 f - 3 bread rations
 w - a meat ration
 J - 9 grapes
Scrolls
 t - a scroll of identify
 y - 3 scrolls of remove curse
 R - a scroll of magic mapping
 X - a scroll of teleportation
Jewellery
 e - a ring of protection from magic (left hand)
 k - a +5 ring of strength (right hand)
 s - an amulet of resist corrosion (around neck)
 B - an uncursed ring of wizardry
 N - an uncursed amulet of stasis
Potions
 j - a potion of magic
 l - 3 potions of curing
 o - 2 potions of resistance
 p - 2 potions of restore abilities
 O - 2 potions of might
Books
 C - a book of the Tempests

   Spells                             Type                      Level
   Static Discharge                   Conjuration/Air              3
   Lightning Bolt                     Conjuration/Air              5
   Fireball                           Conjuration/Fire             5
   Tornado                            Air                          9
   Shatter                            Earth                        9
Rods
 A - a +2 rod of demonology (14/14)
   (You found it in a labyrinth)


   Skills:
 - Level 1.0(6.0) Fighting
 - Level 4.2(9.2) Polearms
 - Level 23.3(27) Bows
 - Level 1.3(6.3) Dodging
 - Level 0.5(5.5) Stealth
 + Level 13.9 Spellcasting
 - Level 4.8 Translocations


You had 23 spell levels left.
You knew the following spells:

 Your Spells              Type           Power        Failure   Level  Hunger
a - Portal Projectile     Tloc           ###...       1%          2    None
b - Blink                 Tloc           N/A          1%          2    None
c - Apportation           Tloc           ###.......   1%          1    None
d - Passage of Golubria   Tloc           N/A          12%         4    ###....
e - Repel Missiles        Chrm/Air       #.........   14%         2    None
f - Flight                Chrm/Air       #.........   28%         3    None
g - Swiftness             Chrm/Air       #.........   14%         2    None


Dungeon Overview and Level Annotations

Branches:
Dungeon (10/27)            Temple (1/1) D:7             Orc (4/4) D:8
    Elf (2/3) Orc:4          Lair (8/8) D:10         Shoals (0/5) Lair:5
 Spider (0/5) Lair:6        Slime (0/6) Lair:8

Altars:
Ashenzari
Cheibriados
Elyvilon
Fedhas
Kikubaaqudgha
Makhleb
Nemelex Xobeh
Okawaru
Sif Muna
Trog
Vehumet
Xom
Yredelemnul
Zin
the Shining One
Beogh

Shops:
D:5: % Orc:2: ( Orc:4: %[(% Elf:1: }

Annotations
Lair:5 exclusion: 2 oklob plants
Lair:8 exclusion: 2 oklob plants


Innate Abilities, Weirdness & Mutations

You have hooves in place of feet.
Armour fits poorly on your strangely shaped body.
You digest meat inefficiently.
You cover ground very quickly.
You have a fast metabolism.
You have extremely tough skin (AC +3).


Message History

You kill the deep elf knight!
Okawaru accepts your kill.
The deep elf knight shoots a poisoned arrow.
The poisoned arrow hits you!
* * * LOW HITPOINT WARNING * * *
Drink which item? (? for menu, Esc to quit)
You feel better.
The deep elf knight points at you and mumbles some strange words.
The magic dart hits you!
* * * LOW HITPOINT WARNING * * *
The deep elf soldier mumbles some strange words.
The deep elf soldier flickers and vanishes!
Drink which item? (? for menu, Esc to quit)
You feel better.
The deep elf knight shoots a poisoned arrow.
The poisoned arrow is repelled.
It hits you.
* * * LOW HITPOINT WARNING * * *
The deep elf knight shoots a poisoned arrow.
The poisoned arrow hits you!
You die...

.......##.......#
........##eee{...#
.......e#e{......#
........#.e♣e..♣.....
#...§§§§§..{...#####
#..§§§e####.♣.##
#$.§{e§# #...#
#.§§§§§# #...#
#...§@§# ##.##
#...§§§# #.# #...§>§#
#......# +.(....+
#.....## ##>..## #.#


You could see a deep elf knight.

Vanquished Creatures
  An orc warlord (Orc:4)
  6 dire elephants (Lair:8)
  2 deep elf death magi (Elf:1)
  A minotaur (Lab)
  Harold (Orc:2)
  A ravenous feature mimic (Lair:8)
  An anaconda (Lair:8)
  3 hydras
  A deep elf demonologist (Elf:1)
  An orc high priest (Orc:4)
  The ghost of Grabo the Martial Artist, an experienced DrTm of Okawaru (Lair:3)
  6 death yaks (Lair:8)
  Nergalle (Lair:5)
  A deep elf knight (Elf:2)
  Pikel (D:7)
  2 hill giants (D:10)
  4 orc sorcerers (Orc:4)
  A griffon (Lair:4)
  Maurice (Orc:2)
  A spiny worm (Lair:5)
  4 black mambas
  8 elephants (Lair:8)
  An eye of devastation (Lair:8)
  A hill giant zombie (D:7)
  2 item mimics
  10 spiny frogs
  A feature mimic (Orc:4)
  A hill giant skeleton (D:8)
  Prince Ribbit (Orc:1)
  9 komodo dragons
  4 trolls
  11 blink frogs
  A jumping spider (shapeshifter) (Elf:1)
  17 yaks
  A wyvern (Lair:6)
  A ynoxinul (Orc:4)
  2 deep elf conjurers (Elf:1)
  Eustachio (D:8)
  2 fire drakes
  2 hippogriffs
  A deep elf fighter (Elf:1)
  3 deep elf summoners (Elf:1)
  A boulder beetle (Lair:6)
  6 wolves (Lair:1)
  An ice beast (D:5)
  2 deep elf priests (Elf:1)
  26 orc warriors
  5 porcupines
  A black bear (D:7)
  A phantom (D:8)
  4 slaves
  A hippogriff zombie (D:8)
  4 sky beasts
  12 crocodiles
  13 ogres
  A yak skeleton (D:7)
  5 centaurs
  A hippogriff skeleton (D:10)
  4 deep elf magi (Elf:1)
  8 giant frogs
  7 giant slugs
  4 wargs
  14 water moccasins
  A giant frog zombie (D:6)
  Blork the orc (D:4)
  3 big kobolds
  5 agate snails
  A centaur skeleton (D:9)
  An eye of draining (Lair:8)
  2 vampire bats (D:5)
  5 jellyfish
  5 wights (D:8)
  An ogre skeleton (D:6)
  5 hounds
  7 crimson imps
  22 orc priests
  A hound skeleton (D:8)
  4 iguanas
  A deep elf soldier (D:10)
  19 orc wizards
  2 scorpions
  A worker ant zombie (D:5)
  A quasit (D:8)
  7 sheep
  13 worker ants
  2 jellies
  Ijyb (D:6)
  10 gnolls
  14 adders
  5 giant centipedes
  31 green rats
  A giant mite (Lair:6)
  2 ufetubi (Elf:1)
  2 worms
  2 giant eyeballs
  A giant mite zombie (D:5)
  9 giant geckos
  An ooze (D:3)
  121 orcs
  4 ball pythons
  41 bats
  6 giant cockroaches
  21 hobgoblins
  33 jackals
  25 kobolds
  16 quokkas
  4 giant newts
  17 goblins
  A hobgoblin skeleton (D:6)
  24 rats
  A rat zombie (D:6)
  4 plants (Lair:8)
749 creatures vanquished.

Vanquished Creatures (collateral kills)
  A crocodile (Lair:2)
1 creature vanquished.

Vanquished Creatures (others)
  A hydra (Lair:8)
  A porcupine (Lair:5)
  A giant frog (Lair:2)
  A green rat (Lair:4)
  3 orcs (Orc:4)
  2 goblins (D:6)
  A kobold (D:4)
  A rat (D:10)
  4 fungi (Lair:8)
  8 plants
23 creatures vanquished.

Grand Total: 773 creatures vanquished

Notes
Turn   | Place    | Note
--------------------------------------------------------------
     0 | D:1      | JacquesDerrida, the Centaur Hunter, began the quest for the Orb.
     0 | D:1      | Reached XP level 1. HP: 17/17 MP: 0/0
   148 | D:1      | Reached XP level 2. HP: 22/24 MP: 1/1
   244 | D:1      | Reached skill level 6 in Bows
  1171 | D:2      | Reached XP level 3. HP: 13/29 MP: 2/2
  1189 | D:2      | Reached skill level 7 in Bows
  1208 | D:2      | Reached XP level 4. HP: 19/36 MP: 2/2
  1271 | D:2      | Found a white marble altar of Elyvilon.
  2124 | D:3      | Reached skill level 8 in Bows
  2701 | D:4      | Reached XP level 5. HP: 41/41 MP: 3/3
  2738 | D:4      | Noticed Blork the orc
  2748 | D:4      | Killed Blork the orc
  2748 | D:4      | Reached skill level 9 in Bows
  3198 | D:4      | Noticed an ogre
  3208 | D:4      | Killed an ogre
  3208 | D:4      | Reached skill level 10 in Bows
  3208 | D:4      | Reached XP level 6. HP: 42/48 MP: 4/4
  3315 | D:4      | Noticed an ogre
  3332 | D:4      | Killed an ogre
  3500 | D:4      | Noticed an ogre
  3512 | D:4      | Killed an ogre
  3512 | D:4      | Reached skill level 11 in Bows
  3512 | D:4      | Reached XP level 7. HP: 53/53 MP: 4/4
  3574 | D:4      | Noticed an ogre
  3590 | D:4      | Killed an ogre
  3675 | D:5      | Entered Level 5 of the Dungeon
  3720 | D:5      | Found a sparkling altar of Nemelex Xobeh.
  3995 | D:5      | Reached skill level 12 in Bows
  4500 | D:5      | Reached XP level 8. HP: 40/61 MP: 5/5
  4635 | D:5      | Found Mappem's Food Shoppe.
  4938 | D:6      | Noticed Ijyb
  4945 | D:6      | Killed Ijyb
  4988 | D:6      | Reached skill level 13 in Bows
  5251 | D:6      | Paralysed by a giant eyeball for 3 turns
  5703 | D:7      | Noticed a hill giant zombie
  5996 | D:6      | Reached skill level 14 in Bows
  6256 | D:7      | Killed a hill giant zombie
  6256 | D:7      | Reached XP level 9. HP: 37/67 MP: 6/6
  6422 | D:7      | Found a snail-covered altar of Cheibriados.
  6624 | D:7      | Paralysed by a giant eyeball for 2 turns
  6911 | D:7      | Noticed Pikel
  7262 | D:7      | Reached skill level 1 in Polearms
  7388 | D:7      | Killed Pikel
  7458 | D:7      | Found a blossoming altar of Fedhas.
  7474 | D:7      | Found a staircase to the Ecumenical Temple.
  7504 | Temple   | Entered the Ecumenical Temple
  7963 | D:7      | Reached skill level 15 in Bows
  8192 | D:8      | Noticed Eustachio
  8590 | D:8      | Reached skill level 16 in Bows
  8740 | D:8      | Reached XP level 10. HP: 41/73 MP: 6/6
  8829 | D:8      | Killed Eustachio
  8993 | D:8      | Found a staircase to the Orcish Mines.
  9346 | D:8      | Reached skill level 17 in Bows
 10149 | D:9      | Got a faintly glowing plate armour
 10152 | D:9      | Identified the +5 plate armour of the Manifold Seas {rF+ Int+3} (You found it on level 9 of the Dungeon)
 10345 | D:9      | Reached skill level 18 in Bows
 10536 | D:9      | Found an iron altar of Okawaru.
 10580 | D:9      | Became a worshipper of Warmaster Okawaru
 10924 | D:10     | Entered Level 10 of the Dungeon
 11801 | D:10     | Noticed a hill giant
 11834 | D:10     | Killed a hill giant
 11834 | D:10     | Acquired Okawaru's first power
 11834 | D:10     | Reached skill level 19 in Bows
 12080 | D:10     | Found a staircase to the Lair.
 12092 | Lair:1   | Entered Level 1 of the Lair of Beasts
 13189 | Lair:2   | Reached XP level 11. HP: 64/79 MP: 7/7
 13590 | Lair:2   | Reached skill level 20 in Bows
 14563 | Lair:3   | Noticed Grabo's ghost (experienced DrTm)
 14673 | Lair:3   | Found a labyrinth entrance.
 14756 | Lab      | Entered a labyrinth
 15410 | Lab      | Noticed a minotaur
 15426 | Lab      | Killed a minotaur
 15426 | Lab      | Reached skill level 21 in Bows
 15431 | Lab      | Received a gift from Okawaru
 15449 | Lab      | Identified the Grimoire of the Eight Blessings (You found it in a labyrinth)
 15458 | Lab      | Identified the Catalogue of the Rocks and Battle Magic (You found it in a labyrinth)
 15747 | Lair:2   | Identified a +2 rod of demonology (14/14) (You found it in a labyrinth)
 15965 | Lair:3   | Received a gift from Okawaru
 16132 | D:10     | Noticed a hill giant
 16156 | D:10     | Killed a hill giant
 16156 | D:10     | Received a gift from Okawaru
 16435 | Lair:3   | Reached skill level 22 in Bows
 16441 | Lair:3   | Acquired Okawaru's second power
 16904 | Lair:3   | Killed Grabo's ghost
 16904 | Lair:3   | Received a gift from Okawaru
 17819 | Lair:4   | Noticed a five-headed hydra
 17830 | Lair:4   | Killed a five-headed hydra
 17834 | Lair:4   | Received a gift from Okawaru
 18058 | Lair:4   | Reached skill level 23 in Bows
 18153 | Lair:4   | Received a gift from Okawaru
 18156 | Lair:4   | Got a crystal great sword {god gift}
 18195 | Lair:4   | Identified the great sword of the Boiling Point {god gift, slice, rC+} (Okawaru gifted it to you on level 4 of the Lair of Beasts)
 18578 | Lair:5   | Noticed Nergalle
 18618 | Lair:5   | Noticed a spectral orc warlord
 18761 | Lair:5   | Learned a level 2 spell: Portal Projectile
 18901 | Lair:5   | Reached skill level 1 in Translocations
 18944 | Lair:5   | Reached skill level 1 in Spellcasting
 19101 | Lair:5   | Found a staircase to the Shoals.
 19519 | Lair:5   | Received a gift from Okawaru
 19585 | Lair:5   | Killed Nergalle
 19732 | Lair:5   | Received a gift from Okawaru
 19959 | Lair:6   | Found a hole to the Spider Nest.
 20108 | Lair:6   | Reached XP level 12. HP: 65/85 MP: 17/19
 20204 | Lair:6   | Received a gift from Okawaru
 20207 | Lair:6   | Got a smoking longbow {god gift}
 20208 | Lair:6   | Identified the longbow of Wondrous Power {god gift, venom, +Blink rElec rC++ MR++ SInv} (Okawaru gifted it to you on level 6 of the Lair of Beasts)
 20781 | Lair:6   | Reached skill level 5 in Spellcasting
 20876 | Lair:7   | Noticed a four-headed hydra
 20889 | Lair:7   | Killed a four-headed hydra
 21182 | Lair:7   | Received a gift from Okawaru
 21449 | Lair:8   | Entered Level 8 of the Lair of Beasts
 21492 | Lair:8   | Noticed a death yak
 21494 | Lair:8   | Noticed a death yak
 21504 | Lair:8   | Killed a four-headed hydra
 21507 | Lair:8   | Killed a death yak
 21510 | Lair:8   | Noticed a death yak
 21510 | Lair:8   | Noticed a death yak
 21510 | Lair:8   | Noticed a death yak
 21511 | Lair:8   | Received a gift from Okawaru
 21512 | Lair:8   | Noticed a death yak
 21530 | Lair:8   | Killed a death yak
 21574 | Lair:8   | Killed a death yak
 21574 | Lair:8   | Received a gift from Okawaru
 21578 | Lair:8   | Killed a death yak
 21644 | Lair:8   | Killed a death yak
 21651 | Lair:8   | Killed a death yak
 21657 | Lair:8   | Received a gift from Okawaru
 21665 | Lair:8   | Received a gift from Okawaru
 22001 | Lair:8   | Noticed a four-headed hydra
 22010 | Lair:8   | Killed a four-headed hydra
 22048 | Lair:8   | Received a gift from Okawaru
 22199 | Lair:8   | Found a staircase to the Slime Pits.
 22807 | Lair:8   | Learned a level 2 spell: Blink
 22809 | Lair:8   | Learned a level 1 spell: Apportation
 22814 | Lair:8   | Learned a level 4 spell: Passage of Golubria
 22899 | Lair:8   | Reached XP level 13. HP: 74/91 MP: 28/28
 22906 | Lair:8   | Reached skill level 10 in Spellcasting
 23228 | Lair:8   | Noticed an anaconda
 23248 | Lair:8   | Killed an anaconda
 23574 | Lair:8   | Noticed a dire elephant
 23595 | Lair:8   | Noticed a dire elephant
 23676 | Lair:8   | Killed a dire elephant
 23821 | Lair:8   | Killed a dire elephant
 23942 | Lair:8   | Noticed a dire elephant
 23942 | Lair:8   | Noticed a dire elephant
 24004 | Lair:8   | Killed a dire elephant
 24110 | Lair:8   | Noticed a dire elephant
 24112 | Lair:8   | Killed a dire elephant
 24157 | Lair:8   | Killed a dire elephant
 24171 | Lair:8   | Noticed a dire elephant
 24204 | Lair:8   | Killed a dire elephant
 24336 | Lair:8   | Learned a level 2 spell: Repel Missiles
 24340 | Lair:8   | Learned a level 3 spell: Flight
 24343 | Lair:8   | Learned a level 2 spell: Swiftness
 24766 | Orc:1    | Entered Level 1 of the Orcish Mines
 25080 | Orc:1    | Noticed Prince Ribbit
 25090 | Orc:1    | Killed Prince Ribbit
 25141 | Orc:1    | Received a gift from Okawaru
 25341 | Orc:2    | Noticed Harold
 25341 | Orc:2    | Noticed Maurice
 25346 | Orc:2    | Killed Harold
 25352 | Orc:2    | Killed Maurice
 25405 | Orc:2    | Found Lyeragoi's Weapon Shop.
 26079 | Orc:4    | Entered Level 4 of the Orcish Mines
 26310 | Orc:4    | Found a staircase to the Elven Halls.
 26333 | Orc:4    | Received a gift from Okawaru
 26372 | Orc:4    | Found a roughly hewn altar of Beogh.
 26549 | Orc:4    | Received a gift from Okawaru
 26711 | Orc:4    | Noticed an orc warlord
 26743 | Orc:4    | Killed an orc warlord
 26750 | Orc:4    | Found a roughly hewn altar of Beogh.
 26750 | Orc:4    | Found Khiel's Antique Armour Shop.
 26764 | Orc:4    | Found Icer's Antique Weapon Boutique.
 26832 | Orc:4    | Bought a shimmering leather armour for 217 gold pieces
 26840 | Orc:4    | Identified the +2 leather armour of Ladders and Snakes {Stlth++} (You bought it in a shop on level 4 of the Orcish Mines)
 26954 | Orc:4    | Found Wasah's Antique Armour Shoppe.
 26958 | Orc:4    | Wasah's Antique Armour Shoppe was a mimic.
 27102 | Orc:4    | Found a roughly hewn altar of Beogh.
 27102 | Orc:4    | Found Schopalu's Food Boutique.
 27191 | Orc:4    | Found a roughly hewn altar of Beogh.
 27614 | Orc:4    | Found Blippov's Food Emporium.
 27614 | Orc:4    | Found a roughly hewn altar of Beogh.
 27789 | Elf:1    | Entered Level 1 of the Elven Halls
 27808 | Elf:1    | Found Humi's Gadget Shoppe.
 28062 | Elf:1    | Noticed a deep elf death mage
 28066 | Elf:1    | Killed a deep elf death mage
 28070 | Elf:1    | Received a gift from Okawaru
 28577 | Elf:1    | Noticed a deep elf death mage
 28589 | Elf:1    | Killed a deep elf death mage
 28589 | Elf:1    | Received a gift from Okawaru
 28608 | Elf:1    | Received a gift from Okawaru
 28674 | Elf:2    | Shot with a poisoned arrow by a deep elf knight

Action                   |  1- 3 |  4- 6 |  7- 9 | 10-12 | 13-15 || total
-------------------------+-------+-------+-------+-------+-------++-------
Melee: Short sword       |    85 |   162 |    57 |       |       ||   304
       Spear             |       |       |   354 |   710 |    34 ||  1098
 Fire: Bow               |    21 |    52 |   116 |   841 |   426 ||  1456
       Longbow           |       |       |       |       |   226 ||   226
 Cast: Portal Projectile |       |       |       |     5 |    56 ||    61
       Passage of Golubr |       |       |       |     1 |       ||     1
       Repel Missiles    |       |       |       |       |     4 ||     4
       Blink             |       |       |       |       |     3 ||     3
       Swiftness         |       |       |       |       |     1 ||     1
Invok: Heroism           |       |       |       |     3 |     1 ||     4
       Finesse           |       |       |       |       |     1 ||     1
Evoke: Wand              |       |       |     5 |     6 |     3 ||    14
       Rod               |       |       |       |     4 |     2 ||     6
  Use: Scroll            |       |     4 |     1 |    33 |     1 ||    39
       Potion            |       |       |     1 |    15 |     4 ||    20
 Stab: Paralysed         |       |       |     2 |       |       ||     2
